 Dungeon Crawl Stone Soup version 0.27.1-33-g824d729ab1 (webtiles) character file.

Game seed: 14826145155428017961

88 MisterFreud the Chopper (level 4, -1/39 HPs)
             Began as a Hill Orc Abyssal Knight on Dec 12, 2021.
             Was a Believer of Lugonu.
             Slain by an adder (4 damage)
             ... on level 2 of the Dungeon.
             The game lasted 00:02:16 (2555 turns).

MisterFreud the Chopper (Hill Orc Abyssal Knight)   Turns: 2555, Time: 00:02:17

Health: -1/39      AC:  3    Str: 15    XL:     4   Next: 54%
Magic:  5/5        EV: 11    Int: 12    God:    Lugonu [**....]
Gold:   127        SH:  0    Dex: 10    Spells: 3/3 levels left

rFire    . . .     SeeInvis .   a - +1 hand axe
rCold    . . .     Faith    .   (no shield)
rNeg     . . .     Spirit   .   b - +0 leather armour
rPois    .         Reflect  .   (no helmet)
rElec    .         Harm     .   (no cloak)
rCorr    .         Rampage  .   (no gloves)
Will     .....                  (no boots)
Stlth    +.........             (no amulet)
HPRegen  0.13/turn              (no ring)
MPRegen  0.09/turn              (no ring)

@: lethally poisoned (-1 -> -5), flying, hasted, very quick
A: no striking features
a: Renounce Religion, Depart the Abyss, Bend Space


You were on level 2 of the Dungeon.
You worshipped Lugonu.
Lugonu was pleased with you.
You visited 1 branch of the dungeon, and saw 3 of its levels.
You visited the Abyss 1 time.

You collected 127 gold pieces.

Inventory:

Hand Weapons
 a - a +1 hand axe (weapon)
 c - a +0 short sword of venom
Missiles
 l - 7 boomerangs
Armour
 b - a +0 leather armour (worn)
Scrolls
 f - a scroll of noise {unknown}
 g - 2 scrolls of enchant weapon {unknown}
 h - a scroll of acquirement {unknown}
 i - a scroll of fear {unknown}
 j - a scroll of enchant armour {unknown}
Potions
 e - a potion of flight


   Skills:
 - Level 3.6 Fighting
 + Level 6.1 Axes
 - Level 2.1 Armour
 - Level 0.7 Dodging
 - Level 2.4 Invocations


You had 3 spell levels left.
You didn't know any spells.
Your spell library contained the following spells:

 Spells                   Type           Power      Damage    Failure   Level
 Beastly Appendage        Tmut           0%         N/A       38%         1
 Magic Dart               Conj           0%         1d3       38%         1
 Call Imp                 Summ           0%         N/A       52%         2
 Wereblood                Tmut           0%         N/A       52%         2
 Mephitic Cloud           Conj/Pois/Air  0%         N/A       77%         3
 Spider Form              Tmut/Pois      0%         N/A       77%         3


Dungeon Overview and Level Annotations

Branches:
Dungeon (3/15)

Altars:


Message History

You kill the gnoll!
Lugonu accepts your kill. The adder bites you.
You barely miss the adder.
The gnoll hits you from afar with a +0 halberd!
* * * LOW HITPOINT WARNING * * *
The adder bites you but does no damage.
You see here a bat corpse.
The adder closely misses you.
There is a stone staircase leading up here.
The adder bites you but does no damage.
You climb upwards.
There is a stone staircase leading down here.
It was a potion of flight.
You feel very buoyant.
You fly up into the air.
The adder barely misses you.
It was a potion of curing.
You feel better. The adder bites you.
* * * LOW HITPOINT WARNING * * *
The adder bites you but does no damage.
It was a potion of haste.
You feel yourself speed up. The adder barely misses you.
You hit the adder.
The adder is lightly wounded.
The adder misses you.
You hit the adder.
The adder is severely wounded.
You hit the adder.
The adder is almost dead.
The adder closely misses you.
You hit the adder but do no damage.
The adder is almost dead.
The adder bites you.
* * * LOW HITPOINT WARNING * * *
You are lethally poisoned!
The adder poisons you!
You barely miss the adder.
The adder is almost dead.
* * * LOW HITPOINT WARNING * * *
You feel sick. The adder bites you.
You die...

#...##.#.# #.#####.## ###.##.#.#
##.......#
####.##.#.#########........##
#.......#.........'........'.
#####.##.##.#..########........##
......##.##.#..# ##.....<..##
#####.##.##.#..# #...........
...............#######.....######
#####.##.##.....@S.#.#.....# ###
#.##.##........#.#.....# #..
####.#####.......#.....# #..
#####.# #.###.#.#.....# #..
#.....# #.##..#.#.....# #..
#.....#####.#.....#.....# #..
#.....'.##........###########'
##.....####.##.....##.......>..
#.......##.......#.#########.#.


You could see an adder.

Vanquished Creatures
  A hound (D:3)
  A gnoll (D:3)
  An adder (D:3)
  A dart slug (D:3)
  2 endoplasms (D:1)
  3 giant cockroaches
  5 hobgoblins
  5 quokkas
  5 ball pythons
  3 bats
  3 frilled lizards
  A kobold (D:2)
  5 rats
36 creatures vanquished.

Notes
Turn   | Place    | Note
-------+----------+-------------------------------------------
     0 | Abyss:1  | MisterFreud the Hill Orc Abyssal Knight began the quest for
                  | the Orb.
     0 | Abyss:1  | Reached XP level 1. HP: 19/19 MP: 2/2
    10 | D:1      | Escaped the Abyss
   211 | D:1      | Reached skill level 3 in Axes
   447 | D:1      | Reached XP level 2. HP: 7/26 MP: 3/3
   984 | D:1      | Reached skill level 4 in Axes
  1742 | D:2      | Reached XP level 3. HP: 27/31 MP: 4/4
  1927 | D:3      | Reached skill level 5 in Axes
  2080 | D:3      | Reached XP level 4. HP: 35/39 MP: 5/5
  2125 | D:3      | Reached ** piety under Lugonu
  2521 | D:3      | Found a faded altar of an unknown god.
  2535 | D:3      | Reached skill level 6 in Axes
  2555 | D:2      | Slain by an adder

Illustrated notes

Levels and vault maps discovered:
D:1:      nzn_arrival_depleted_hourglass, layout_rooms, minmay_hexomino_u4
D:2:      wad_lake_hut, layout_basic, chequers_serial_rivers_room_b,
          serial_bayou_pond_c, kennysheep_generic_room_2
D:3:      layout_basic, ebering_ecumenical_altar_mist

Skill      XL: |  1  2  3  4 |
---------------+-------------+-----
Axes           | 3 4 5 6 |  6.1
Fighting       | |  3.6
Armour         | |  2.1
Dodging        | |  0.7
Invocations    | |  2.4

Action                   |  1- 3 |  4- 6 || total
-------------------------+-------+-------++-------
Melee: Hand axe          |   120 |    40 ||   160
  Use: Potion            |       |     3 ||     3
Armor: Leather armour    |    30 |    13 ||    43
Dodge: Dodged            |    72 |    33 ||   105
